SNL (28 & UNDER)
WEST VIRGINIA POWER @ MEMPHIS BLUES
09/01/2030
 
TOP OF THE 1ST
West Virginia Power batting - Pitching for Memphis Blues : LHP John Knight
Pitching: LHP John Knight
Batting: RHB Matt Tucker 0-0: Called Strike
0-1: Foul Ball, location: 2F
0-2: Foul Ball, location: 2F
0-2: Ball
1-2: Ball
2-2: Foul Ball, location: 2F
2-2: Ball
3-2: Foul Ball, location: 2F
3-2: SINGLE (Flyball, 89M)
Batting: RHB Pedro Echevarría 0-0: Ball
1-0: Ball
2-0: Swinging Strike
2-1: Ball
3-1: Foul Ball, location: 2F
3-2: Fly out, F4 (Line Drive, 4M)
Lined into DP, 4-3 (Line Drive, 4M)
Batting: RHB Joe Salas 0-0: SINGLE (Line Drive, 7S)
Batting: RHB Millard Walker 0-0: Called Strike
0-1: Ball
1-1: Swinging Strike
1-2: Ball
2-2: Strikes out looking
Top of the 1st over - 0 runs, 2 hits, 0 errors, 1 left on base; West Virginia 0 - Memphis 0
BOTTOM OF THE 1ST
Memphis Blues batting - Pitching for West Virginia Power : RHP Carlos Moreno
Pitching: RHP Carlos Moreno
Batting: RHB Albert Morán 0-0: Called Strike
0-1: Foul Ball, location: 2F
0-2: Ball
1-2: Ball
2-2: Ball
3-2: Foul Ball, location: 2F
3-2: Foul Ball, location: 2F
3-2: Fly out, F9 (Flyball, 89M)
Batting: RHB Brandon Townsley 0-0: Ball
1-0: Ball
2-0: Fly out, F8 (Flyball, 8RD)
Batting: RHB Ryan Nelson 0-0: Ball
1-0: Called Strike
1-1: Ground out 6-3 (Groundball, 6)
Bottom of the 1st over - 0 runs, 0 hits, 0 errors, 0 left on base; West Virginia 0 - Memphis 0
TOP OF THE 2ND
West Virginia Power batting - Pitching for Memphis Blues : LHP John Knight
Batting: RHB Joaquín Vásquez 0-0: Called Strike
0-1: Ball
1-1: Ball
2-1: Ground out U3 (Groundball, 3)
Batting: RHB Will Stafford 0-0: Called Strike
0-1: Swinging Strike
0-2: Strikes out swinging
Batting: RHB Roberto Chávez 0-0: Ball
1-0: SINGLE (Line Drive, 6MD)
Batting: RHB Nick Mackin 0-0: Ball
1-0: Foul Ball, location: 2F
1-1: Swinging Strike
1-2: Ball
2-2: Ball
3-2: Base on Balls
Roberto Chávez to second
Batting: RHB Julián Garza 0-0: Ground out 4-3 (Groundball, 4)
Top of the 2nd over - 0 runs, 1 hit, 0 errors, 2 left on base; West Virginia 0 - Memphis 0
BOTTOM OF THE 2ND
Memphis Blues batting - Pitching for West Virginia Power : RHP Carlos Moreno
Batting: RHB Julian Lee 0-0: Ball
1-0: Called Strike
1-1: Swinging Strike
1-2: Strikes out swinging
Batting: SHB Hang-ki Yue 0-0: Ball
1-0: Ball
2-0: Ball
3-0: Called Strike
3-1: Called Strike
3-2: Strikes out looking
Batting: SHB Fernando Gutiérrez 0-0: Ball
1-0: Called Strike
1-1: Ball
2-1: Ball
3-1: Foul Ball, location: 2F
3-2: Base on Balls
Batting: LHB Freddy Torres 0-0: Swinging Strike
0-1: Ball
1-1: Called Strike
1-2: Ball
2-2: Ground out 4-3 (Groundball, 4)
Bottom of the 2nd over - 0 runs, 0 hits, 0 errors, 1 left on base; West Virginia 0 - Memphis 0
TOP OF THE 3RD
West Virginia Power batting - Pitching for Memphis Blues : LHP John Knight
Batting: RHB Matt Tucker 0-0: Called Strike
0-1: Called Strike
0-2: Ball
1-2: Foul Ball, location: 2F
1-2: Ball
2-2: Ball
3-2: Base on Balls
Batting: RHB Pedro Echevarría 0-0: Ball
Matt Tucker steals 2nd base
1-0: Ball
2-0: Foul Ball, location: 2F
2-1: Ball
3-1: Ground out U3 (Groundball, 34S)
Matt Tucker to third
Batting: RHB Joe Salas 0-0: Ball
1-0: SINGLE (Line Drive, 3D)
Matt Tucker scores
Batting: RHB Millard Walker 0-0: Ball
1-0: Foul Ball, location: 2F
1-1: Called Strike
1-2: Grounds into double play, 6-4-3 (Groundball, 6)
Top of the 3rd over - 1 run, 1 hit, 0 errors, 0 left on base; West Virginia 1 - Memphis 0
BOTTOM OF THE 3RD
Memphis Blues batting - Pitching for West Virginia Power : RHP Carlos Moreno
Batting: RHB Miguel Mendoza 0-0: Fly out, F3 (Popup, 3SF)
Batting: RHB Glenn Melican 0-0: Called Strike
0-1: Swinging Strike
0-2: Foul Ball, location: 2F
0-2: Ball
1-2: Ball
2-2: Foul Ball, location: 2F
2-2: Strikes out swinging
Batting: RHB Albert Morán 0-0: Foul Ball, location: 2F
0-1: Fly out, F8 (Flyball, 8RM)
Bottom of the 3rd over - 0 runs, 0 hits, 0 errors, 0 left on base; West Virginia 1 - Memphis 0
TOP OF THE 4TH
West Virginia Power batting - Pitching for Memphis Blues : LHP John Knight
Batting: RHB Joaquín Vásquez 0-0: Called Strike
0-1: Ball
1-1: Ground out 4-3 (Groundball, 4)
Batting: RHB Will Stafford 0-0: Swinging Strike
0-1: Swinging Strike
0-2: Ball
1-2: Strikes out swinging
Batting: RHB Roberto Chávez 0-0: Ball
1-0: Ball
2-0: Ball
3-0: Called Strike
3-1: Fly out, F5 (Line Drive, 5)
Top of the 4th over - 0 runs, 0 hits, 0 errors, 0 left on base; West Virginia 1 - Memphis 0
BOTTOM OF THE 4TH
Memphis Blues batting - Pitching for West Virginia Power : RHP Carlos Moreno
Batting: RHB Brandon Townsley 0-0: Called Strike
0-1: SINGLE (Groundball, 56D)
Batting: RHB Ryan Nelson 0-0: Ball
1-0: Called Strike
1-1: Ball
2-1: Grounds into double play, 5-4-3 (Groundball, 5)
Batting: RHB Julian Lee 0-0: Called Strike
0-1: Ball
1-1: Ball
2-1: Foul Ball, location: 2F
2-2: Ball
3-2: Base on Balls
Batting: SHB Hang-ki Yue 0-0: Ball
1-0: Called Strike
Julian Lee steals 2nd base
Balk!
Julian Lee to third
1-1: Ground out 1-3 (Groundball, 15S)
Bottom of the 4th over - 0 runs, 1 hit, 0 errors, 1 left on base; West Virginia 1 - Memphis 0
TOP OF THE 5TH
West Virginia Power batting - Pitching for Memphis Blues : LHP John Knight
Batting: RHB Nick Mackin 0-0: Called Strike
0-1: Ball
1-1: Foul Ball, location: 2F
1-2: Ball
2-2: Ground out 6-3 (Groundball, 6M)
Batting: RHB Julián Garza 0-0: Foul Ball, location: 2F
0-1: Ground out 1-3 (Groundball, 13)
Batting: RHB Matt Tucker 0-0: Called Strike
0-1: Ball
1-1: SINGLE (Line Drive, 34)
Batting: RHB Pedro Echevarría 0-0: Ball
1-0: Swinging Strike
1-1: Called Strike
1-2: Ball
Matt Tucker steals 2nd base
2-2: Ball
3-2: Foul Ball, location: 2F
3-2: Strikes out looking
Top of the 5th over - 0 runs, 1 hit, 0 errors, 1 left on base; West Virginia 1 - Memphis 0
BOTTOM OF THE 5TH
Memphis Blues batting - Pitching for West Virginia Power : RHP Carlos Moreno
Batting: SHB Fernando Gutiérrez 0-0: Ball
1-0: Ball
2-0: Foul Ball, location: 2F
2-1: Foul Ball, location: 2F
2-2: Strikes out looking
Batting: LHB Freddy Torres 0-0: Swinging Strike
0-1: Swinging Strike
0-2: Ball
1-2: Ball
2-2: Strikes out looking
Batting: RHB Miguel Mendoza 0-0: Ball
1-0: Called Strike
1-1: Fly out, F3 (Popup, 34)
Bottom of the 5th over - 0 runs, 0 hits, 0 errors, 0 left on base; West Virginia 1 - Memphis 0
TOP OF THE 6TH
West Virginia Power batting - Pitching for Memphis Blues : LHP John Knight
Batting: RHB Joe Salas 0-0: Foul Ball, location: 2F
0-1: Ball
1-1: Foul Ball, location: 2F
1-2: Ball
2-2: Ball
3-2: Foul Ball, location: 2F
3-2: SINGLE (Line Drive, 8LS)
Batting: RHB Millard Walker 0-0: Ground out 5-3 (Groundball, 56S)
Joe Salas to second
Batting: RHB Joaquín Vásquez 0-0: Called Strike
0-1: Fly out, F9 (Flyball, 9)
Batting: RHB Will Stafford 0-0: Foul Ball, location: 2F
0-1: Called Strike
0-2: Strikes out looking
Top of the 6th over - 0 runs, 1 hit, 0 errors, 1 left on base; West Virginia 1 - Memphis 0
BOTTOM OF THE 6TH
Memphis Blues batting - Pitching for West Virginia Power : RHP Carlos Moreno
Batting: RHB Glenn Melican 0-0: Ground out 6-3 (Groundball, 6)
Batting: RHB Albert Morán 0-0: Called Strike
0-1: Called Strike
0-2: Ball
1-2: SINGLE (Line Drive, 78S)
Batting: RHB Brandon Townsley 0-0: Ball
1-0: Foul Ball, location: 2F
1-1: Ball
2-1: SINGLE (Groundball, 6MD)
Albert Morán to second
Batting: RHB Ryan Nelson 0-0: Called Strike
0-1: Foul Ball, location: 2F
0-2: Ball
1-2: Hit by Pitch
Albert Morán to third
Brandon Townsley to second
Batting: RHB Julian Lee 0-0: Ball
1-0: Ball
2-0: Foul Ball, location: 2F
Balk!
Albert Morán scores
Brandon Townsley to third
Ryan Nelson to second
2-1: Ball
3-1: Called Strike
3-2: Base on Balls
Batting: SHB Hang-ki Yue 0-0: Ball
1-0: Called Strike
1-1: Ball
2-1: Ball
3-1: Base on Balls
Brandon Townsley scores
Ryan Nelson to third
Julian Lee to second
Batting: SHB Fernando Gutiérrez 0-0: Ball
1-0: Called Strike
1-1: Swinging Strike
1-2: Ball
2-2: Foul Ball, location: 2F
2-2: Strikes out swinging
Batting: LHB Freddy Torres 0-0: Ball
1-0: SINGLE (Groundball, 4MD)
Ryan Nelson scores
Julian Lee to third
Hang-ki Yue to second
Runner from 3rd tries for Home, SAFE, no throw
Batting: RHB Miguel Mendoza 0-0: Ball
1-0: SINGLE (Line Drive, 89M)
Hang-ki Yue to third
Freddy Torres to second
Runner from 3rd tries for Home, SAFE, throw made home
Batting: RHB Glenn Melican 0-0: TRIPLE (Flyball, 89XD)
Freddy Torres scores
Miguel Mendoza scores
Batting: RHB Albert Morán 0-0: Ball
1-0: Ball
2-0: Foul Ball, location: 2F
2-1: Called Strike
2-2: Ball
3-2: SINGLE (Groundball, 56) (infield hit)
Glenn Melican scores
Batting: RHB Brandon Townsley 0-0: Swinging Strike
0-1: Ball
Albert Morán steals 2nd base
1-1: Swinging Strike
1-2: Ball
2-2: Foul Ball, location: 2F
2-2: Ball
3-2: Base on Balls
Pitching: RHP Lou Hawkins
Batting: RHB Ryan Nelson 0-0: Foul Ball, location: 2F
0-1: Fly out, F7 (Flyball, 7D)
Bottom of the 6th over - 8 runs, 6 hits, 0 errors, 2 left on base; West Virginia 1 - Memphis 8
TOP OF THE 7TH
West Virginia Power batting - Pitching for Memphis Blues : LHP John Knight
Batting: RHB Roberto Chávez 0-0: Called Strike
0-1: Ball
1-1: Ball
2-1: Ground out 6-3 (Groundball, 6)
Batting: RHB Nick Mackin 0-0: Ball
1-0: Foul Ball, location: 2F
1-1: Ball
2-1: Foul Ball, location: 2F
2-2: Foul Ball, location: 2F
2-2: SINGLE (Line Drive, 9S)
Batting: RHB Julián Garza 0-0: Ball
Nick Mackin steals 2nd base
1-0: Foul Ball, location: 2F
1-1: Ground out 3-1 (Groundball, 34)
Nick Mackin to third
Batting: RHB Matt Tucker 0-0: Ball
1-0: Called Strike
1-1: Called Strike
1-2: Ball
2-2: Foul Ball, location: 2F
2-2: Ball
3-2: Foul Ball, location: 2F
3-2: Base on Balls
Pitching: LHP Jaden Watkins
Batting: RHB Pedro Echevarría 0-0: Called Strike
0-1: Ball
1-1: Foul Ball, location: 2F
1-2: Foul Ball, location: 2F
1-2: Foul Ball, location: 2F
1-2: Ball
2-2: Ball
3-2: Foul Ball, location: 2F
3-2: Strikes out looking
Top of the 7th over - 0 runs, 1 hit, 0 errors, 2 left on base; West Virginia 1 - Memphis 8
BOTTOM OF THE 7TH
Memphis Blues batting - Pitching for West Virginia Power : RHP Lou Hawkins
Batting: RHB Julian Lee 0-0: Foul Ball, location: 2F
0-1: Ball
1-1: Foul Ball, location: 2F
1-2: Strikes out looking
Batting: SHB Hang-ki Yue 0-0: Foul Ball, location: 2F
0-1: Swinging Strike
0-2: SINGLE (Groundball, 6MD)
Batting: SHB Fernando Gutiérrez 0-0: Ball
1-0: Ball
2-0: Fly out, F8 (Flyball, 8RM)
Batting: LHB Freddy Torres 0-0: Called Strike
0-1: Ground out 4-3 (Groundball, 4)
Bottom of the 7th over - 0 runs, 1 hit, 0 errors, 1 left on base; West Virginia 1 - Memphis 8
TOP OF THE 8TH
West Virginia Power batting - Pitching for Memphis Blues : LHP Jaden Watkins
Batting: RHB Joe Salas 0-0: Ball
1-0: Swinging Strike
1-1: Called Strike
1-2: Strikes out swinging
Batting: RHB Millard Walker 0-0: Ball
1-0: Called Strike
1-1: Foul Ball, location: 2F
1-2: Foul Ball, location: 2F
1-2: Ground out 3-1 (Groundball, 23)
Batting: RHB Joaquín Vásquez 0-0: Ball
1-0: Ball
2-0: Called Strike
2-1: Swinging Strike
2-2: Ball
3-2: Ground out 4-3 (Groundball, 4M)
Top of the 8th over - 0 runs, 0 hits, 0 errors, 0 left on base; West Virginia 1 - Memphis 8
BOTTOM OF THE 8TH
Memphis Blues batting - Pitching for West Virginia Power : RHP Lou Hawkins
Batting: RHB Miguel Mendoza 0-0: DOUBLE (Line Drive, 7LD)
Batting: RHB Glenn Melican 0-0: Swinging Strike
0-1: Called Strike
0-2: Foul Ball, location: 2F
0-2: Foul Ball, location: 2F
0-2: Ball
1-2: Foul Ball, location: 2F
1-2: Ball
2-2: Ball
3-2: Base on Balls
Batting: RHB Albert Morán 0-0: Ball
1-0: Called Strike
1-1: Swinging Strike
1-2: Ball
2-2: Ball
3-2: Grounds into double play, 6-4-3 (Groundball, 6)
Miguel Mendoza to third
Batting: RHB Brandon Townsley 0-0: Ball
1-0: Ball
2-0: Called Strike
2-1: Called Strike
2-2: Strikes out looking
Bottom of the 8th over - 0 runs, 1 hit, 0 errors, 1 left on base; West Virginia 1 - Memphis 8
TOP OF THE 9TH
West Virginia Power batting - Pitching for Memphis Blues : LHP Jaden Watkins
Now at C: Guy Morrison
Now at 1B: Wilson Flores
Now at 2B: José Velásquez
Batting: RHB Will Stafford 0-0: Foul Ball, location: 2F
0-1: Foul Ball, location: 2F
0-2: Strikes out swinging
Batting: RHB Roberto Chávez 0-0: Swinging Strike
0-1: Ball
1-1: Foul Ball, location: 2F
1-2: SOLO HOME RUN (Flyball, 7D), Distance : 402 ft
Batting: RHB Nick Mackin 0-0: Ball
1-0: Swinging Strike
1-1: Ground out 5-3 (Groundball, 56S)
Batting: RHB Julián Garza 0-0: Ground out 5-3 (Groundball, 5)
Top of the 9th over - 1 run, 1 hit, 0 errors, 0 left on base; West Virginia 2 - Memphis 8
Saturday, April 7th, 2018 - OOTP Baseball 18.8 Build 76